 Dungeon Crawl Stone Soup version 0.23.1 (webtiles) character file.

Game seed: 15957026721245719848

126 Monsterracer the Chopper (level 4, -6/35 HPs)
             Began as a Demonspawn Gladiator on Mar 8, 2019.
             Killed from afar by Grinder (9 damage)
             ... with a wand of flame (21)
             ... on level 3 of the Dungeon.
             The game lasted 00:01:57 (2728 turns).

Monsterracer the Chopper (Demonspawn Gladiator)     Turns: 2728, Time: 00:01:59

Health: -6/35      AC:  9    Str: 15    XL:     4   Next: 83%
Magic:  0/4        EV:  7    Int:  9    God:
Gold:   99         SH:  0    Dex: 13    Spells: 3/3 levels left

rFire    . . .     SeeInvis .   a - +0 war axe
rCold    . . .     Gourm    .   (no shield)
rNeg     . . .     Faith    +   s - +0 chain mail
rPois    .         Spirit   +   f - +0 helmet
rElec    .         Reflect  .   t - scarf {Spirit}
rCorr    .         Harm     .   (no gloves)
MR       .....                  (no boots)
Stlth    ..........             q - amulet of faith
HPRegen  0.11/turn              r - -2 ring of dexterity (curse)
MPRegen  0.09/turn              (no ring)

@: no status effects
A: hooves 2, nightstalker 1
a: no special abilities


You were on level 3 of the Dungeon.
You were not hungry.

You visited 1 branch of the dungeon, and saw 3 of its levels.

You collected 99 gold pieces.


Innate Abilities, Weirdness & Mutations

You have hoof-like feet.
You are slightly more attuned to the shadows.


   Skills:
 + Level 3.2 Fighting
 * Level 4.5 Axes
 - Level 1.7 Throwing
 - Level 2.6 Dodging


You had 3 spell levels left.
You didn't know any spells.
Your spell library contained the following spells:

 Spells                   Type           Power        Failure   Level  Hunger
 Animate Skeleton         Necr           N/A          100%        1    ##.....
 Apportation              Tloc           #.....       100%        1    ##.....
 Confusing Touch          Hex            #.....       100%        1    ##.....
 Summon Small Mammal      Summ           #...         100%        1    ##.....

Inventory:

Hand Weapons
 a - a +0 war axe (weapon)
Missiles
 d - 3 throwing nets (quivered) {!f}
Armour
 f - a +0 helmet (worn)
 s - a +0 chain mail (worn)
   (You took it off a hobgoblin on level 2 of the Dungeon)
 t - a scarf of spirit shield (worn)
   (You found it on level 2 of the Dungeon)
Jewellery
 q - an amulet of faith (around neck)
   (You found it on level 2 of the Dungeon)
 r - a cursed -2 ring of dexterity (left hand)
   (You found it on level 2 of the Dungeon)
Scrolls
 g - a scroll of noise {unknown}
 j - 4 scrolls of enchant weapon {unknown}
 k - a scroll of remove curse {unknown}
 n - 2 scrolls of identify {unknown}
 p - a scroll of blinking {unknown}
 u - a scroll of enchant armour {unknown}
Potions
 b - a potion of curing {unknown}
 e - a potion of berserk rage {unknown}
 h - 2 potions of lignification {unknown}
 i - a potion of might {unknown}
 l - 3 potions of mutation {unknown}
 m - a potion of heal wounds {unknown}
 o - a potion of flight {unknown}
 w - a potion of haste {unknown}
Comestibles
 c - 4 rations
 v - a chunk of flesh

Dungeon Overview and Level Annotations

Branches:
Dungeon (3/15)

Altars:

Annotations:
D:3 Grinder

#.#.# #.# #.#.# #.#
#.#.# #.# #.#.# #.#
#.#.# #.######
#####†#.###...(...
..................
##############.#########
#..........@.5.......
##.##...######....###
#.#....# #####...
###'#....##### ..
#............# .
#......)...#
#....(##...# #.....#
...# #(÷...##...#


You could see Grinder.


Message History

You take 1 damage, and have 32/35 hp.
No target in view!
No target in view!
You feel sick.
You feel sick.
You feel sick.
You are no longer poisoned.
Key pressed, stopping explore.
HP restored.
Things that are here:
a cursed -2 blowgun; 15 poisoned needles; Health restored: 35 You see here a poisoned needle.
You butcher the goblin corpse.
v - 3 chunks of flesh You see here a goblin skeleton. x2
Eating one of 3 chunks of flesh.
You eat one of the 3 chunks of flesh.
This raw flesh tastes terrible.
You are feeling hungry.
Eating one of 2 chunks of flesh.
You eat one of the 2 chunks of flesh.
This raw flesh tastes terrible.
You open the door.
There is an open door here.
Found 24 stones.
An adder comes into view.
The adder hisses angrily.
The adder barely misses you. x2
An adder is nearby!
You miss the adder. The adder bites you but does no damage.
You closely miss the adder. Your kick misses the adder.
The adder bites you but does no damage. x2
You closely miss the adder. The adder bites you but does no damage.
The adder bites you.
You take 3 damage, and have 32/35 hp.
You now have 3/4 mp.
An adder is nearby!
You hit the adder.
The adder is heavily wounded.
The adder bites you but does no damage.
You closely miss the adder. You kick the adder.
The adder is almost dead.
The adder closely misses you. The adder barely misses you.
An adder is nearby!
You closely miss the adder.
The adder is almost dead.
The adder bites you. The adder bites you but does no damage.
You take 2 damage, and have 30/35 hp.
An adder is nearby!
You hit the adder.
You kill the adder!
No target in view!
Magic restored.
w - a purple potion Health restored: 35; MP restored: 4 No target in view!
You open the door.
A frilled lizard comes into view.
The frilled lizard hisses.
Found an escape hatch in the floor.
There is an open door here.
A frilled lizard is nearby!
A frilled lizard is nearby!
You slash the frilled lizard!
You kill the frilled lizard!
No target in view!
Grinder comes into view.
She is carrying a wand of flame (25).
Grinder shouts!
Grinder zaps a wand.
The puff of flame hits you!
You take 6 damage, and have 29/35 hp.
You now have 3/4 mp.
Grinder is nearby!
Grinder zaps a wand.
The puff of flame hits you.
You take 4 damage, and have 25/35 hp.
You now have 2/4 mp.
Grinder gestures at you. Pain shoots through your body!
There is an open door here.
You take 5 damage, and have 20/35 hp.
You now have 1/4 mp.
Grinder zaps a wand.
The puff of flame hits you.
* * * LOW HITPOINT WARNING * * *
You take 6 damage, and have 14/35 hp.
You aren't carrying any items that you can evoke.
You close the door.
Grinder opens the door.
Grinder says, "Tell me all your secrets, or I'll kill you."
Grinder blinks!
Grinder gestures at you. Pain shoots through your body!
* * * LOW HITPOINT WARNING * * *
You take 10 damage, and have 5/35 hp.
MASSIVE DAMAGE!!
You now have 1/4 mp.
Unknown command.
Grinder gestures at you.
You suddenly lose the ability to move!
Grinder zaps a wand.
The puff of flame hits you.
* * * LOW HITPOINT WARNING * * *
Grinder blinks!
Grinder gestures at you.
You shrug off the repeated paralysis!
You can move again.
You take 2 damage, and have 3/35 hp.
You now have 0/4 mp.
Unknown command.
Grinder says, "FISH!"
Grinder zaps a wand.
The puff of flame hits you!
You die...

Skill      XL: |  1  2  3  4 |
---------------+-------------+-----
Axes           | 3 4 |  4.5
Fighting       | 3 |  3.2
Throwing       | |  1.7
Dodging        | |  2.6

Action                   |  1- 3 |  4- 6 || total
-------------------------+-------+-------++-------
Melee: War axe           |   101 |    70 ||   171
       Kick              |     8 |    16 ||    24
 Stab: Sleeping          |     1 |       ||     1
  Eat: Chunk             |     2 |     4 ||     6
Armor: Leather armour    |     2 |       ||     2
       Ring mail         |    41 |       ||    41
       Chain mail        |       |    56 ||    56
Dodge: Dodged            |    72 |    33 ||   105

Levels and vault maps discovered:
D:1:      lemuel_arrival_behind_the_door_large, layout_loops_ring
D:2:      layout_basic, item_on_display_a
D:3:      layout_basic, nemelex_altar_shiori, kennysheep_jessica_study,
          uniq_ijyb, uniq_grinder, uniq_robin

Notes
Turn   | Place    | Note
-------+----------+-------------------------------------------
     0 | D:1      | Monsterracer the Demonspawn Gladiator began the quest for
                  | the Orb.
     0 | D:1      | Reached XP level 1. HP: 16/16 MP: 1/1
    46 | D:1      | Reached skill level 3 in Axes
    46 | D:1      | HP: 5/16 [goblin/+0 dagger (4)]
   270 | D:1      | Gained mutation: You are slightly more attuned to the
                  | shadows. [demonic ancestry]
   270 | D:1      | Reached XP level 2. HP: 22/22 MP: 2/2
   530 | D:1      | HP: 9/23 [leopard gecko (3)]
   552 | D:1      | HP: 7/23 [hobgoblin (3)]
   826 | D:1      | Gained mutation: You have large cloven feet. [demonic
                  | ancestry]
   826 | D:1      | Reached XP level 3. HP: 28/28 MP: 3/3
  1492 | D:2      | Reached skill level 4 in Axes
  1605 | D:2      | Gained mutation: You have hoof-like feet. [demonic
                  | ancestry]
  1605 | D:2      | Reached XP level 4. HP: 33/34 MP: 4/4
  2698 | D:3      | Noticed Grinder
  2704 | D:3      | HP: 14/35 [Grinder/wand of flame (23) (6)]
  2718 | D:3      | HP: 5/35 [Grinder/nerve-wracking pain (10)]
  2721 | D:3      | Paralysed by Grinder for 6 turns
  2728 | D:3      | Killed from afar by Grinder

Vanquished Creatures
  A gnoll (D:1)
  5 adders (D:2 D:3)
  A worm (D:2)
  2 dart slugs (D:1)
  5 leopard geckos (D:1 D:2)
  7 bats (D:1 D:2)
  A giant cockroach (D:1)
  9 goblins (D:1 D:2 D:3)
  9 hobgoblins (D:1 D:2)
  6 kobolds (D:1 D:2 D:3)
  2 quokkas (D:2)
  6 frilled lizards (D:1 D:2 D:3)
  5 rats (D:1 D:2)
59 creatures vanquished.

Table legend:
 A = Turns spent in this place as a percentage of turns spent in the entire game.
 B = Non-inter-level travel turns spent in this place as a percentage of non-inter-level travel turns spent in the entire game.
 C = Inter-level travel turns spent in this place as a percentage of turns spent in this place.
 D = Turns resting spent in this place as a percentage of non-inter-level travel turns spent in this place.
 E = Turns spent auto-exploring this place as a percentage of non-inter-level travel turns spent in this place.
 F = Non-inter-level travel turns spent in this place divided by the number of levels of this place that you've seen.
                   A       B       C       D       E      F
               +-------+-------+-------+-------+-------+----------------------
         Total | 100.0 | 100.0 |   4.4 |   0.0 |  83.4 | 869.3
       Dungeon | 100.0 | 100.0 |   4.4 |   0.0 |  83.4 | 869.3
               +-------+-------+-------+-------+-------+----------------------

Table legend:
 A = Non-vault XP
 B = Vault XP
 C = Vault XP percentage of total XP
 D = Non-vault monster count
 E = Vault monster count
 F = Vault count percentage of total count
                 A         B        C        D         E       F
            +---------+---------+-------+---------+---------+-------
      Total |     180 |       0 |   0.0 |      59 |       0 |   0.0
            +---------+---------+-------+---------+---------+-------
        D:1 |      65 |       0 |   0.0 |      28 |       0 |   0.0
        D:2 |      97 |       0 |   0.0 |      27 |       0 |   0.0
        D:3 |      18 |       0 |   0.0 |       4 |       0 |   0.0
            +---------+---------+-------+---------+---------+-------
